 Dungeon Crawl Stone Soup version 0.28-a0-1415-g7c84da036a (webtiles) character file.

Game seed: 10595538312641086464

114 jbasstz the Ruffian (level 4, -3/45 HPs)
             Began as a Troll Berserker on Jan 8, 2022.
             Was a Believer of Trog.
             Slain by an orc priest (5 damage)
             ... on level 3 of the Dungeon.
             The game lasted 00:06:39 (1270 turns).

jbasstz the Ruffian (Troll Berserker)               Turns: 1270, Time: 00:06:40

Health: -3/45      AC:  4    Str: 27    XL:     4   Next: 66%
Magic:  3/3        EV: 10    Int:  3    God:    Trog [**....]
Gold:   88         SH:  0    Dex:  9    Spells: 3/3 levels left

rFire   . . .      SeeInvis .     - Unarmed
rCold   . . .      Faith    .   (no shield)
rNeg    . . .      Spirit   .   a - +0 animal skin
rPois   .          Reflect  .   (helmet restricted)
rElec   .          Harm     .   (no cloak)
rCorr   .          Rampage  .   (gloves unavailable)
Will    .....                   (boots unavailable)
Stlth   +.........              (no amulet)
HPRegen 0.95/turn               (no ring)
MPRegen 0.08/turn               (no ring)

@: no status effects
A: large, unfitting armour, claws 3, regeneration 1, shaggy fur 1, tough skin 1
a: Renounce Religion, Berserk, Trog's Hand


You were on level 3 of the Dungeon.
You worshipped Trog.
Trog was pleased with you.
You visited 1 branch of the dungeon, and saw 3 of its levels.

You collected 88 gold pieces.

Inventory:

Armour
 a - a +0 animal skin (worn)
Scrolls
 b - 2 scrolls of noise {unknown}
 c - 4 scrolls of identify {unknown}
 d - a scroll of summoning {unknown}
 f - a scroll of teleportation {unknown}
 g - a scroll of fear {unknown}
 j - a scroll of enchant weapon {unknown}
 k - a scroll of silence {unknown}
 l - a scroll of immolation {unknown}
 m - a scroll of blinking {unknown}
 n - a scroll of amnesia {unknown}
Potions
 e - 4 potions of degeneration {unknown}
 h - a potion of invisibility {unknown}
 i - a potion of heal wounds {unknown}


   Skills:
 + Level 3.0 Fighting
 + Level 3.1 Dodging
 + Level 4.3 Unarmed Combat


You had 3 spell levels left.
You didn't know any spells.
Your spell library was empty.

Dungeon Overview and Level Annotations

Branches:
Dungeon (3/15)

Altars:
Okawaru
Zin

Annotations:
D:3 2 runed translucent doors, Natasha; t4s4d4r's ghost, amateur DgHu


Innate Abilities, Weirdness & Mutations

You are too large for most types of armour.
You have claws for hands.
Your natural rate of healing is unusually fast.
You are covered in fur. (AC +1)
You have tough skin. (AC +1)


Message History

You feel sick.
You are no longer poisoned.
A kobold comes into view. It is wielding a +0 whip.
Found 20 sling bullets.
Natasha hisses angrily.
The kobold shouts!
You hear a shout! x2
Natasha casts a spell at you. You resist with some effort.
Natasha stares at you and mumbles some strange words.
You resist with some effort. The adder bites you.
You are poisoned.
The adder poisons you!
The orc priest invokes the aid of Beogh against you.
Beogh smites you!
A hobgoblin comes into view.
You feel sick.
The hobgoblin shouts!
You hear a shout!
A goblin and an orc come into view.
You feel sick.
The goblin shouts!
The kobold misses you. Natasha claws you!
* * * LOW HITPOINT WARNING * * *
An orc comes into view. It is wielding a +0 hand axe.
The adder barely misses you.
The goblin moves out of view.
You feel sick. The kobold barely misses you.
You feel sick.
You feel sick. The hobgoblin misses you.
You feel sick.
You are no longer poisoned.
The adder barely misses you.
Natasha hisses.
The orc hits you with a +0 short sword.
* * * LOW HITPOINT WARNING * * *
The orc priest invokes the aid of Beogh against you.
Pain shoots through your body!
* * * LOW HITPOINT WARNING * * *
The orc hits you with a +0 short sword.
* * * LOW HITPOINT WARNING * * *
The orc priest hits you with a +0 club.
You die...

# #. #.. ....
###.........
.............######
####...### #..@.S.##
#........# ##..oo..#
.........# ###......#
.........####....###g#
.........#.....#####g#
...)............hog.##
#...............Kog##
.....>...........(##
#............###.o...


You could see an orc priest, an adder, an orc and a hobgoblin.

Vanquished Creatures
  2 adders (D:2)
  A white imp (D:3)
  2 worms
  3 dart slugs
  7 orcs (D:3)
  10 ball pythons
  8 endoplasms
  2 giant cockroaches (D:1)
  A goblin (D:3)
  5 hobgoblins
  2 jackals (D:1)
  4 kobolds
  4 quokkas
  2 bats
  5 frilled lizards (D:1)
  7 rats
65 creatures vanquished.

Notes
Turn   | Place    | Note
-------+----------+-------------------------------------------
     0 | D:1      | jbasstz the Troll Berserker began the quest for the Orb.
     0 | D:1      | Reached XP level 1. HP: 22/22 MP: 0/0
    80 | D:1      | Reached XP level 2. HP: 29/29 MP: 1/1
   389 | D:1      | Reached XP level 3. HP: 36/36 MP: 2/2
   550 | D:2      | Reached ** piety under Trog
   594 | D:2      | Found a glowing silver altar of Zin.
   938 | D:2      | Reached skill level 4 in Unarmed Combat
   941 | D:2      | Reached XP level 4. HP: 44/44 MP: 3/3
  1033 | D:3      | Found an iron altar of Okawaru.
  1167 | D:3      | Found a large runed translucent door.
  1167 | D:3      | Found a large runed translucent door.
  1186 | D:3      | Noticed t4s4d4r's ghost (amateur DgHu)
  1253 | D:3      | Noticed Natasha
  1269 | D:3      | HP: 1/45 [orc (3)]
  1270 | D:3      | Slain by an orc priest

Illustrated notes

Levels and vault maps discovered:
D:1:      dpeg_arrival_stonehenge_8_columns, layout_loops_ring, hex_medium,
          kennysheep_doodads
D:2:      minmay_diamond_boxcup, layout_basic, basic_altar,
          kennysheep_small_spiral, minmay_pentomino_t4
D:3:      cheibrodos_pilgrimage, layout_rooms,
          grunt_temple_overflow_lords_of_destruction, okawaru_metal_pillars_1_2,
          ebering_ghost_disaster_area, grunt_ministairs_15, uniq_natasha

Skill      XL: |  1  2  3  4 |
---------------+-------------+-----
Dodging        | 3 |  3.1
Unarmed Combat | 4 |  4.3
Fighting       | 3 |  3.0

Action                   |  1- 3 |  4- 6 || total
-------------------------+-------+-------++-------
Melee: Unarmed           |    99 |    37 ||   136
       Punch             |     2 |     1 ||     3
 Stab: Sleeping          |     1 |       ||     1
Armor: Animal skin       |    33 |     8 ||    41
Dodge: Dodged            |    56 |    23 ||    79

Table legend: (Time is in decaauts)
 A = Elapsed time spent in this place.
 B = Non-inter-level travel time spent in this place.
 C = Inter-level travel time spent in this place.
 D = Time resting spent in this place.
 E = Time spent auto-exploring this place.
 F = Levels seen in this place.
 G = Mean time per level.
                   A        B        C        D        E       F      G
               +--------+--------+--------+--------+--------+-----+--------+
         Total |   1260 |   1260 |      0 |      0 |    810 |   3 |  420.0 |
       Dungeon |   1260 |   1260 |      0 |      0 |    810 |   3 |  420.0 |
               +--------+--------+--------+--------+--------+-----+--------+

Top non-repeatable levels by time:
     D:2: 513 daAuts
     D:1: 512 daAuts
     D:3: 234 daAuts
